 Dungeon Crawl Stone Soup version 0.30.1-11-g7821555f0a (webtiles) character file.

Game seed: 3103847712146800439

234 lonewolfV2 the Trooper (level 5, -2/48 HPs)
             Began as a Minotaur Fighter on Nov 5, 2023.
             Frozen to death by an endoplasm (5 damage)
             ... on level 4 of the Dungeon.
             The game lasted 00:04:33 (2249 turns).

lonewolfV2 the Trooper (Minotaur Fighter)           Turns: 2249, Time: 00:04:34

Health: -2/48      AC:  6    Str: 25    XL:     5   Next: 75%
Magic:  13/13      EV: 11    Int:  5    God:
Gold:   163        SH:  0    Dex: 11    Spells: 4/4 levels left

rFire   . . .        k - +8 lajatang of Zin's Outrage {heavy, Drain +Blink MP+9 Str+4}
rCold   . . .        (shield currently unavailable)
rNeg    . . .        b - +0 scale mail
rPois   .            (helmet restricted)
rElec   .            (no cloak)
rCorr   .            (no gloves)
SInv    +            (no boots)
Will    .....        (no amulet) Stlth
                     l - ring of see invisible
HPRegen 0.28/turn    (no ring)
MPRegen 0.13/turn

%: no passive effects
@: very slow
A: horns 2, retaliatory headbutt
a: Evoke Blink


You were on level 4 of the Dungeon.
You visited 1 branch of the dungeon, and saw 4 of its levels.

You collected 163 gold pieces.

Inventory:

Hand Weapons
 a - a +2 war axe
 k - the +8 lajatang of Zin's Outrage (weapon) {heavy, Drain +Blink MP+9 Str+4}
   (You acquired it on level 3 of the Dungeon)

   Str:       It affects your strength (+4).
   MP:        It affects your magic capacity (+9).
   +Blink:    It lets you blink.
   Drain:     It drains your maximum health when unequipped.
Armour
 b - a +0 scale mail (worn)
 c - a +0 buckler
Jewellery
 l - a ring of see invisible (left hand)
Wands
 f - a wand of mindburst (20)
Scrolls
 o - 3 scrolls of amnesia
Potions
 d - a potion of might
 e - 2 potions of curing {unknown}
 g - 2 potions of resistance
 h - a potion of attraction
 i - 2 potions of haste {unknown}
 j - 3 potions of brilliance
 m - a potion of heal wounds {unknown}


   Skills:
 - Level 5.1 Fighting
 - Level 2.4 Axes
 + Level 1.2 Staves
 - Level 3.6 Armour
 * Level 5.0 Dodging
 - Level 3.6 Shields


You had 4 spell levels left.
You didn't know any spells.
Your spell library contained the following spells:

 Spells                   Type           Power      Damage    Failure   Level
 Inner Flame              Hex/Fire       0%         N/A       98%         3
 Yara's Violent Unravell  Hex/Tmut       0%         3d3       100%        5
 Enfeeble                 Hex            0%         N/A       100%        7


Dungeon Overview and Level Annotations

Branches:
Dungeon (4/15)             Temple (0/1) D:4

Altars:
Ashenzari
Kikubaaqudgha

Shops:
D:1 (   D:2 [


Innate Abilities, Weirdness & Mutations

You have a pair of horns on your head.
You reflexively headbutt those who attack you in melee.


Message History

Your unstable footing causes you to fumble your attack.
Ijyb splashes around in the water.
The grasping roots constrict you.
Ijyb splashes around in the water.
The grasping roots constrict you.
Ijyb splashes around in the water.
The grasping roots constrict you.
The grasping roots release their grip on you.
You slice Ijyb!!
You kill Ijyb!
You hear a splash. x3
An iguana comes into view.
An endoplasm comes into view.
Found a stone staircase leading down.
Things that are here:
a +0 dagger; a +0 leather armour; a wand of roots (4)
Your unstable footing causes you to fumble your attack.
The orc splashes around in the water.
The orc barely misses you. You furiously retaliate!
You headbutt the orc!
You kill the orc!
You hear a splash.
A dart slug comes into view.
You see here a +0 hand axe.
You closely miss the iguana. The iguana bites you!
* * * LOW HITPOINT WARNING * * *
The endoplasm freezes you.
You are frozen.
* * * LOW HITPOINT WARNING * * *
The iguana splashes around in the water.
You slice the iguana like a ripe choko!!!
You kill the iguana!
The endoplasm hits you but does no damage.
The endoplasm misses you.
Your Staves skill increases to level 1!
Your Dodging skill increases to level 5!
The endoplasm hits you but does no damage.
The endoplasm freezes you.
You are frozen.
* * * LOW HITPOINT WARNING * * *
You hit the endoplasm.
The endoplasm is moderately wounded.
The endoplasm freezes you.
You are frozen.
You die...

### #..### #####
#....### ##...## #.....#
####..... #.....#
#..~§~..#### #.<..#.
..#.~§§§~....# ###.....
...§§§~§)~.†.####.......
...~§§>@§~..............
...~§~§J§~..............
....~§§~~..............#
.>...~~w...............#
....##.....#............
...##..#...........#....
... ##.###.##...#.......
.# .. #.....###...##.


You could see a dart slug and an endoplasm.

Vanquished Creatures
  An iguana (D:4)
  Ijyb (D:4)
  An orc wizard (D:3)
  Robin (D:2)
  4 adders (D:2)
  A gnoll (D:3)
  A white imp (D:3)
  2 worms (D:2)
  2 dart slugs
  6 orcs
  6 ball pythons
  7 endoplasms
  3 giant cockroaches
  11 goblins
  9 hobgoblins
  5 jackals
  3 quokkas
  3 bats
  6 kobolds
  5 rats
78 creatures vanquished.

Notes
Turn   | Place    | Note
-------+----------+-------------------------------------------
     0 | D:1      | lonewolfV2 the Minotaur Fighter began the quest for the
                  | Orb.
     0 | D:1      | Reached XP level 1. HP: 19/19 MP: 0/0
    25 | D:1      | Found Wutu's Weapon Boutique.
    57 | D:1      | Reached skill level 1 in Dodging
   107 | D:1      | Reached XP level 2. HP: 26/27 MP: 1/1
   121 | D:1      | Found a faded altar of an unknown god.
   742 | D:2      | Reached XP level 3. HP: 7/33 MP: 2/2
  1056 | D:2      | Found Fiqam's Antique Armour Emporium.
  1121 | D:2      | Reached XP level 4. HP: 41/41 MP: 3/3
  1363 | D:2      | Noticed Robin
  1365 | D:2      | Killed Robin
  1602 | D:2      | Found an ancient bone altar of Kikubaaqudgha.
  1749 | D:3      | Reached skill level 5 in Fighting
  1749 | D:3      | Reached XP level 5. HP: 47/48 MP: 4/4
  2031 | D:3      | Found a broken altar of Ashenzari.
  2142 | D:3      | Identified a scroll of acquirement
  2142 | D:3      | Acquired the +8 lajatang of Zin's Outrage {heavy, Drain
                  | +Blink MP+9 Str+4}
  2228 | D:4      | Found a staircase to the Ecumenical Temple.
  2230 | D:4      | Noticed Ijyb
  2242 | D:4      | Killed Ijyb
  2248 | D:4      | Reached skill level 1 in Staves
  2248 | D:4      | Reached skill level 5 in Dodging
  2248 | D:4      | HP: 2/48 [frozen (5)]
  2249 | D:4      | Frozen to death by an endoplasm

Illustrated notes

Levels and vault maps discovered:
D:1:      lemuel_arrival_rhombus, layout_basic,
          hellmonk_ecumenical_altar_pennies_from_heaven, serial_shops,
          nicolae_shop_bloodbath_and_beyond
D:2:      layout_basic, basic_altar, serial_shops, nicolae_shop_peninsula,
          uniq_robin
D:3:      layout_rooms, marbit_many_paths
D:4:      kennysheep_kobold_camp, layout_cave_pools, minmay_temple_entry_mist,
          kennysheep_generic_room_5, uniq_ijyb, uniq_blork_the_orc

Skill      XL: |  1  2  3  4  5 |
---------------+----------------+-----
Dodging        | 1 2 3 4 5 |  5.0
Fighting       | 4 5 |  5.1
Staves         | 1 |  1.2
Axes           | |  2.4
Armour         | |  3.6
Shields        | |  3.6

Action                     |  1- 3 |  4- 6 || total
---------------------------+-------+-------++-------
  Melee: War axe           |    47 |    58 ||   105
         Headbutt          |     8 |    13 ||    21
         Lajatang          |       |    11 ||    11
    Use: Scroll            |     5 |     7 ||    12
 Armour: Scale mail        |    32 |    25 ||    57
  Dodge: Dodged            |    53 |    48 ||   101
  Block: Buckler           |    25 |    14 ||    39
